 Dungeon Crawl Stone Soup version 0.21.1-1-g345015f (webtiles) character file.

126 Draznyth the Chopper (level 4, 0/61 HPs)
             Began as a Minotaur Berserker on Feb 16, 2018.
             Was a Believer of Trog.
             Succumbed to an adder's poison
             ... on level 2 of the Dungeon.
             The game lasted 00:03:16 (1909 turns).

Draznyth the Chopper (Minotaur Berserker)           Turns: 1909, Time: 00:03:17

Health: 0/61       AC:  2    Str: 28    XL:     4   Next: 83%
Magic:  3/3        EV: 12    Int:  4    God:    Trog [**....]
Gold:   65         SH:  0    Dex:  9    Spells: 3/3 levels left

rFire    . . .     SeeInvis .   a - +0 hand axe
rCold    . . .     Gourm    .   (no shield)
rNeg     . . .     Faith    .   b - +0 animal skin
rPois    .         Spirit   .   (helmet restricted)
rElec    .         Reflect  .   (no cloak)
rCorr    .         Harm     .   (no gloves)
MR       .....                  (no boots)
Stlth    ..........             (no amulet)
HPRegen  0.20/turn              (no ring)
MPRegen  0.08/turn              (no ring)

@: berserking, lethally poisoned (0 -> -11), very quick
A: retaliatory headbutt, horns 2
a: Berserk, Trog's Hand, Burn Spellbooks, Renounce Religion


You were on level 2 of the Dungeon.
You worshipped Trog.
Trog was pleased with you.
You were very hungry.

You visited 1 branch of the dungeon, and saw 2 of its levels.

You collected 65 gold pieces.

Inventory:

Hand Weapons
 a - a +0 hand axe (weapon)
Armour
 b - a +0 animal skin (worn)
Jewellery
 j - a cursed ring of teleportation {unknown}
Scrolls
 g - 2 scrolls of identify {unknown}
 h - a scroll of magic mapping {unknown}
 i - a scroll of enchant weapon {unknown}
 k - a scroll of fog {unknown}
Potions
 d - a potion of berserk rage {unknown}
 e - a potion of haste {unknown}
Comestibles
 c - 4 rations
 f - 5 chunks of flesh


   Skills:
 + Level 4.9 Fighting
 * Level 5.9 Axes
 - Level 2.4 Armour
 - Level 2.1 Dodging


You had 3 spell levels left.
You didn't know any spells.

Dungeon Overview and Level Annotations

Branches:
Dungeon (2/15)

Altars:


Innate Abilities, Weirdness & Mutations

You reflexively headbutt those who attack you in melee.
You have a pair of horns on your head.


Message History

Trog accepts your kill. The adder bites you.
* * * LOW HITPOINT WARNING * * *
The adder closely misses you. You furiously retaliate!
You headbutt the adder.
A red film seems to cover your vision as you go berserk!
You feel yourself moving faster!
You feel mighty!
You are feeling very hungry.
You feel sick. The adder bites you.
* * * LOW HITPOINT WARNING * * *
You are more poisoned.
The adder poisons you!
You completely miss the adder.
The adder is moderately wounded.
The adder bites you.
* * * LOW HITPOINT WARNING * * *
You are more poisoned.
The adder poisons you!
You slash the adder!
The adder is almost dead.
You die...

...###..# ...# #..###
### ...# #....####.#
..## #.........#
..####..#.####.#
...##..#......)#
.......#..###### ###.#
....##.......#####.....#
..#....#####..(S@).....#
.####....#...####).....#
...##.........# ......#
............... #.....#
###............. ......
##.............. .....#
##..#.........#... .....
...###...#>..# .....
.### #..######


You could see an adder.

Vanquished Creatures
  6 adders (D:2)
  A worm (D:2)
  4 dart slugs
  5 leopard geckos
  4 giant cockroaches
  9 goblins
  4 hobgoblins
  7 jackals
  2 bats
  5 frilled lizards
  8 kobolds
  3 rats
58 creatures vanquished.

Notes
Turn   | Place    | Note
-------+----------+-------------------------------------------
     0 | D:1      | Draznyth the Minotaur Berserker began the quest for the Orb.
     0 | D:1      | Reached XP level 1. HP: 19/19 MP: 0/0
   247 | D:1      | Reached skill level 4 in Axes
   365 | D:1      | Reached XP level 2. HP: 17/27 MP: 1/1
   988 | D:1      | Reached XP level 3. HP: 30/33 MP: 2/2
  1457 | D:2      | Reached ** piety under Trog
  1458 | D:2      | Reached skill level 5 in Axes
  1575 | D:2      | Reached XP level 4. HP: 25/41 MP: 3/3
  1907 | D:2      | HP: 2/61 [adder (4)]
  1909 | D:2      | Succumbed to an adder's poison

Skill      XL: |  1  2  3 |
---------------+----------+-----
Axes           | 4 5 |  5.9
Fighting       | 4 |  4.9
Armour         | |  2.4
Dodging        | |  2.1

Action                   |  1- 3 |  4- 6 || total
-------------------------+-------+-------++-------
Melee: Hand axe          |    77 |    29 ||   106
       Headbutt          |    11 |     5 ||    16
Invok: Berserk           |       |     1 ||     1
  Eat: Chunk             |     2 |     1 ||     3
Armor: Animal skin       |    12 |     1 ||    13
Dodge: Dodged            |    61 |    24 ||    85
